 Dungeon Crawl Stone Soup version 0.28-a0-1567-g1695149f81 (webtiles) character file.

Game seed: 4225540518785859312

4731 riojii the Thaumaturge (level 10, 0/73 HPs)
             Began as a Djinni Fire Elementalist on Jan 19, 2022.
             Was a Follower of Makhleb.
             Killed from afar by an efreet (9 damage)
             ... with a fireball
             ... on level 9 of the Dungeon.
             The game lasted 00:17:24 (12467 turns).

riojii the Thaumaturge (Djinni Fire Elementalist)  Turns: 12467, Time: 00:17:25

Health: 0/73       AC:  7    Str:  7    XL:     10   Next: 74%
Gold:   374        EV: 17    Int: 20    God:    Makhleb [*.....] SH:  0 Dex: 15

rFire   + + .      SeeInvis +   t - +4 dagger
rCold   x . .      Faith    .   (no shield)
rNeg    . . .      Spirit   .   c - +0 leather armour
rPois   ∞          Reflect  .   v - +2 helmet
rElec   .          Harm     .   e - +0 cloak
rCorr   .          Rampage  .   (no gloves)
Will    +....                   (boots unavailable)
Stlth   ++........              (no amulet)
HPRegen 0.22/turn               k - +4 ring of evasion
MPRegen 0.00/turn               a - ring of see invisible

@: mighty, flying
A: sickness immunity, fire resistance 2, cold vulnerability 1, float, innate
caster, hp casting, extra vitality 1
a: Renounce Religion


You were on level 9 of the Dungeon.
You worshipped Makhleb.
Makhleb was aware of your devotion.
You visited 2 branches of the dungeon, and saw 10 of its levels.
You also visited: Sewer.

You collected 374 gold pieces.

Inventory:

Hand Weapons
 t - a +4 dagger (weapon)
Missiles
 s - 24 poisoned darts
Armour
 c - a +0 leather armour (worn)
 e - a +0 cloak (worn)
 v - a +2 helmet (worn)
Jewellery
 a - a ring of see invisible (right hand)
 k - a +4 ring of evasion (left hand)
Wands
 i - a wand of polymorph (5)
Scrolls
 d - a scroll of noise {unknown}
 f - 5 scrolls of teleportation
 j - 4 scrolls of magic mapping
 x - 2 scrolls of identify
 z - a scroll of fog {unknown}
 A - a scroll of amnesia {unknown}
Potions
 b - a potion of curing
 g - 2 potions of haste
 h - 4 potions of heal wounds
 l - a potion of attraction
 m - 3 potions of flight
 n - 5 potions of invisibility
 o - a potion of magic
 q - 2 potions of might
 r - a potion of berserk rage {unknown}
 w - a potion of mutation {unknown}
Miscellaneous
 p - a box of beasts (inert)


   Skills:
 * Level 6.9 Fighting
 + Level 4.1 Armour
 + Level 5.2 Dodging
 - Level 1.5 Stealth
 * Level 9.4 Spellcasting


You had 5 spell levels left.
You knew the following spells:

 Your Spells              Type           Power      Damage    Failure   Level
a - Foxfire               Conj/Fire      100%       2x1d9     1%          1
b - Scorch                Fire           94%        2d9       1%          2
c - Conjure Flame         Conj/Fire      47%        6-21      1%          3
d - Inner Flame           Hex/Fire       47%        N/A       1%          3
e - Flame Wave            Conj/Fire      47%        2d8       2%          4
f - Beastly Appendage     Tmut           94%        N/A       1%          1
g - Static Discharge      Conj/Air       47%        N/A       1%          2
h - Summon Guardian Gole  Hex/Summ       47%        N/A       1%          3
i - Gell's Gravitas       Tloc           47%        N/A       1%          3
Your spell library was empty.

Dungeon Overview and Level Annotations

Branches:
Dungeon (9/15)             Temple (1/1) D:6            Lair (0/6) D:8
  Sewer (visited)
    Orc: D:9-12

Altars:
Ashenzari
Cheibriados
Dithmenos
Elyvilon
Fedhas
Gozag
Hepliaklqana
Kikubaaqudgha
Makhleb
Nemelex Xobeh
Okawaru
Qazlal
Ru
Sif Muna
Trog
Uskayaw
Vehumet
Wu Jian
Xom
Yredelemnul
Zin
The Shining One

Annotations:
D:8 1 transporter, HuGe's ghost, novice MiBe; Pikel


Innate Abilities, Weirdness & Mutations

You are immune to sickness and miasma.
You are immune to poison.
Your flesh is very heat resistant. (rF++)
You are vulnerable to cold. (rC-)
You float through the air rather than walking.
You learn spells naturally, not from books.
Your magical power is your life essence.
You have superior vitality. (+4 MHP)


Message History

The bolt of fire hits your guardian golem!
Your guardian golem resists.
Your guardian golem disappears in a puff of smoke!
The bolt of fire hits you. You resist.
Your guardian golem explodes!
The fiery explosion engulfs the efreet.
The efreet completely resists.
a - a ring of see invisible (right hand)
Aiming: Iceblast
Press: ? - help, Shift-Dir - straight line, f/p - efreet
Aim: an efreet, wielding a +4 scimitar of flaming (black smoke)
The mass of ice explodes!
The iceblast engulfs the efreet.
The efreet is frozen!
The efreet is lightly wounded.
The now-empty wand crumbles to dust.
The efreet gestures at you.
The fireball explodes!
The fireball engulfs you! You resist.
Aiming: Mindburst
Press: ? - help, Shift-Dir - straight line, f/p - efreet
Aim: an efreet, wielding a +4 scimitar of flaming (lightly wounded, chance to affect: 64%)
The efreet's mind is blasted!!
Aiming: Mindburst
Press: ? - help, Shift-Dir - straight line, f/p - efreet
Aim: an efreet, wielding a +4 scimitar of flaming (flame, severely wounded, chance to affect: 64%)
The efreet struggles to resist.
The now-empty wand crumbles to dust.
You feel very mighty all of a sudden. The efreet misses you.
You open the lid... ...and a larval batweird beast flies out!
The box is emptied!
The efreet hits you with a +4 scimitar of flaming!!
The efreet burns you.
You hit the efreet but do no damage.
The efreet is heavily wounded.
The efreet hits you with a +4 scimitar of flaming!!
* * * LOW HITPOINT WARNING * * *
Your larval batweird beast hits the efreet!
Your larval batweird beast hits the efreet but does no damage.
The efreet gestures at you.
The fireball explodes!
The fireball engulfs you! You resist.
You die...

#.# #.##≈≈≈#..# #...
###.# #.###≈##..#
#... ######...# #.#
#≈##..# #...
...°☼§...#
#.######..# #...
.....☼...# #..##
#...# #...
#######○H###...#
#...# #...
#.R......###...###...
#....................
#...@........#####...
#..#######...# #...
#..# #...# #... #..#
#...# #... ...# #...#
#... #...# #...# #...
#... #...# #... #...#
..


You could see an efreet (ally target) and a friendly larval batweird beast
(summoned).

Vanquished Creatures
  A two-headed ogre (D:9)
  Grinder (D:4)
  2 hornets
  4 yaks
  2 orc warriors (D:9)
  An ice beast (D:6)
  2 sky beasts (D:7)
  2 necrophages
  3 ogres
  2 centaurs
  Blork the orc (D:6)
  3 kobold brigands
  2 bullfrogs
  A wyvern zombie (D:8)
  6 scorpions
  A water moccasin skeleton (D:7)
  6 wights
  A centaur zombie (D:9)
  2 hounds (D:5)
  A jelly (D:5)
  4 orc priests
  3 iguanas
  Natasha (thrice) (D:2)
  6 orc wizards
  A howler monkey zombie (D:7)
  Robin (D:3)
  13 adders
  4 gnolls (D:3)
  A river rat (D:4)
  A shadow imp (D:7)
  An adder skeleton (D:4)
  3 worms
  3 dart slugs
  15 orcs
  9 endoplasms
  3 giant cockroaches
  18 goblins
  9 hobgoblins
  3 jackals (D:2)
  5 quokkas
  11 ball pythons
  4 bats
  5 frilled lizards
  22 kobolds
  A quokka skeleton (D:2)
  6 rats
199 creatures vanquished.

Vanquished Creatures (collateral kills)
  8 foxfires (Sewer)
8 creatures vanquished.

Vanquished Creatures (others)
  735 foxfires
  A plant (Sewer)
736 creatures vanquished.

Grand Total: 943 creatures vanquished

Notes
Turn   | Place    | Note
-------+----------+-------------------------------------------
     0 | D:1      | riojii the Djinni Fire Elementalist began the quest for the
                  | Orb.
     0 | D:1      | Reached XP level 1. HP: 15/15 MP: 0/0
   309 | D:1      | Reached XP level 2. HP: 18/21 MP: 0/0
   340 | D:1      | Found a faded altar of an unknown god.
   504 | D:1      | Reached skill level 3 in Spellcasting
  1204 | D:2      | Reached XP level 3. HP: 23/25 MP: 0/0
  1204 | D:2      | Learned a level 1 spell: Beastly Appendage
  2059 | D:2      | Noticed Natasha
  2071 | D:2      | Killed Natasha
  2072 | D:2      | Reached XP level 4. HP: 20/31 MP: 0/0
  2300 | D:2      | Reached skill level 4 in Spellcasting
  2398 | D:2      | Noticed Natasha
  2403 | D:2      | Killed Natasha
  2404 | D:2      | Reached XP level 5. HP: 20/35 MP: 0/0
  2404 | D:2      | Learned a level 2 spell: Static Discharge
  2884 | D:2      | Noticed Natasha
  2889 | D:2      | Killed Natasha
  3254 | D:3      | Noticed Robin
  3274 | D:3      | Killed Robin
  3855 | D:3      | Reached XP level 6. HP: 32/40 MP: 0/0
  3863 | D:3      | Reached skill level 5 in Spellcasting
  4494 | D:4      | Found a glowing drain.
  4503 | Sewer    | Entered a sewer
  4902 | Sewer    | Reached XP level 7. HP: 33/45 MP: 0/0
  4902 | Sewer    | Learned a level 3 spell: Summon Guardian Golem
  5373 | D:4      | Reached skill level 6 in Spellcasting
  5853 | D:4      | Reached XP level 8. HP: 26/50 MP: 0/0
  6032 | D:4      | Noticed Grinder
  6040 | D:4      | Killed Grinder
  6041 | D:4      | Reached skill level 7 in Spellcasting
  6730 | D:5      | Entered Level 5 of the Dungeon
  6842 | D:5      | Reached skill level 1 in Fighting
  7164 | D:5      | Reached skill level 8 in Spellcasting
  7241 | D:5      | Reached XP level 9. HP: 54/59 MP: 0/0
  7241 | D:5      | Learned a level 3 spell: Gell's Gravitas
  7446 | D:5      | You are sucked into a shaft and drop 1 floor!
  7446 | D:6      | Noticed Blork the orc
  7456 | D:6      | Killed Blork the orc
  7562 | D:6      | Found a staircase to the Ecumenical Temple.
  7605 | Temple   | Entered the Ecumenical Temple
  7876 | Temple   | Became a worshipper of Makhleb the Destroyer
  8007 | D:6      | Reached skill level 1 in Armour
  9344 | D:7      | Found a blossoming altar of Fedhas.
  9923 | D:8      | Reached * piety under Makhleb
 10517 | D:8      | Found a transporter.
 10522 | D:8      | Noticed HuGe's ghost (novice MiBe)
 10522 | D:8      | Noticed a two-headed ogre
 10561 | D:8      | Reached skill level 5 in Fighting
 10581 | D:8      | Found a staircase to the Lair.
 10582 | D:8      | Noticed an elephant
 10602 | D:7      | Reached XP level 10. HP: 33/70 MP: 0/0
 11132 | D:8      | Noticed Pikel
 11134 | D:8      | Reached skill level 9 in Spellcasting
 12184 | D:9      | Reached skill level 5 in Dodging
 12241 | D:9      | Noticed a two-headed ogre
 12256 | D:9      | Killed a two-headed ogre
 12449 | D:9      | Noticed an efreet
 12467 | D:9      | Killed from afar by an efreet

Illustrated notes

Levels and vault maps discovered:
D:1:      denvon_arrival_waterhouse, layout_rooms, basic_ecumenical_altar,
          serial_aquarium, aquarium_bridge_island_small
          [aquarium_subvault_small_open, aquarium_subvault_wall,
          aquarium_subvault_balcony, aquarium_subvault_wall,
          aquarium_subvault_bridge], aquarium_window_fake, aquarium_window_fake,
          aquarium_view_2a
D:2:      layout_basic, minmay_crystal_room, uniq_natasha
D:3:      wander_river, layout_loops_corners, uniq_robin
D:4:      minmay_octagon_keep, layout_basic, cheibrodos_sewer_entry_sluice,
          uniq_grinder
D:5:      layout_layer_cave
D:6:      layout_basic, temple_pool_b, uniq_blork_the_orc
D:7:      layout_basic, mainiacjoe_overflow_surrounded_room,
          nicolae_zen_rock_garden
D:8:      layout_layer_cave, david_lair_generic, gammafunk_ghost_smash,
          uniq_pikel, uniq_joseph
D:9:      layout_small_grid, serial_rivers, chequers_serial_rivers_room_b,
          chequers_serial_rivers_large_a, chequers_serial_rivers_large_b,
          chequers_serial_rivers_room_a, chequers_serial_rivers_micro_c
Temple:   mainiacjoe_temple_hex_bubbles

Skill      XL: |  1  2  3  4  5  6  7  8  9 10 |
---------------+-------------------------------+-----
Spellcasting   | 3 4 5 6 8 9 |  9.4
Fighting       | 2 5 6 |  6.9
Armour         | 2 4 |  4.1
Dodging        | 4 5 |  5.2
Stealth        | |  1.5

Action                   |  1- 3 |  4- 6 |  7- 9 | 10-12 || total
-------------------------+-------+-------+-------+-------++-------
Melee: Unarmed           |    29 |       |       |       ||    29
       Dagger            |       |       |       |     1 ||     1
 Cast: Foxfire           |    83 |   116 |   179 |    62 ||   440
       Scorch            |       |    12 |    57 |    40 ||   109
       Conjure Flame     |       |       |    12 |     4 ||    16
       Flame Wave        |       |       |     1 |       ||     1
       Summon Guardian G |       |       |       |     1 ||     1
Evoke: Wand              |       |       |       |     3 ||     3
       Box of beasts     |       |       |       |     1 ||     1
  Use: Scroll            |       |     4 |    10 |     1 ||    15
       Potion            |       |       |       |     2 ||     2
Armor: Robe              |     3 |     4 |       |       ||     7
       Leather armour    |       |       |     3 |     3 ||     6
Dodge: Dodged            |    26 |     7 |    21 |    10 ||    64

Table legend: (Time is in decaauts)
 A = Elapsed time spent in this place.
 B = Non-inter-level travel time spent in this place.
 C = Inter-level travel time spent in this place.
 D = Time resting spent in this place.
 E = Time spent auto-exploring this place.
 F = Levels seen in this place.
 G = Mean time per level.
                   A        B        C        D        E       F      G
               +--------+--------+--------+--------+--------+-----+--------+
         Total |  12461 |  12253 |    208 |    912 |   9860 |  11 | 1132.8 |
       Dungeon |  11428 |  11281 |    147 |    912 |   8989 |   9 | 1269.8 |
        Temple |    297 |    236 |     61 |      0 |    232 |   1 |  297.0 |
         Sewer |    736 |    736 |      0 |      0 |    639 |   1 |  736.0 |
               +--------+--------+--------+--------+--------+-----+--------+

Top non-repeatable levels by time:
     D:7: 1730 daAuts
     D:2: 1724 daAuts
     D:4: 1571 daAuts
     D:1: 1370 daAuts
     D:3: 1320 daAuts
     D:9: 1291 daAuts
     D:8: 955 daAuts
     D:6: 747 daAuts
   Sewer: 736 daAuts
     D:5: 715 daAuts
  Temple: 297 daAuts
